 Dungeon Crawl Stone Soup version 0.28.0-49-g6dfe1f597d (webtiles) character file.

Game seed: 6830694752700094321

351 nickcage the Chopper (level 6, -1/50 HPs)
             Began as a Minotaur Gladiator on May 19, 2022.
             Slain by a bullfrog (2 damage)
             ... in a sewer.
             The game lasted 00:08:46 (3590 turns).

nickcage the Chopper (Minotaur Gladiator)           Turns: 3590, Time: 00:08:46

Health: -1/50      AC:  7    Str: 21    XL:     6   Next: 34%
Magic:  5/5        EV: 10    Int:  5    God:
Gold:   136        SH:  0    Dex: 11    Spells: 5/5 levels left

rFire   . . .      SeeInvis .   a - +0 war axe
rCold   . . .      Faith    .   (no shield)
rNeg    . . .      Spirit   .   j - +0 scale mail
rPois   .          Reflect  .   c - +0 hat
rElec   .          Harm     .   (no cloak)
rCorr   .          Rampage  .   (no gloves)
Will    .....                   n - +0 pair of boots
Stlth   ..........              (no amulet)
HPRegen 0.16/turn               (no ring)
MPRegen 0.09/turn               (no ring)

@: lethally poisoned (-1 -> -5), attractive
A: horns 2, retaliatory headbutt
a: no special abilities


You were in a sewer.
You visited 1 branch of the dungeon, and saw 4 of its levels.
You also visited: Sewer.

You collected 136 gold pieces.

Inventory:

Hand Weapons
 a - a +0 war axe (weapon)
Missiles
 d - 3 throwing nets
 m - 4 poisoned darts (quivered)
Armour
 b - a +0 leather armour
 c - a +0 hat (worn)
 e - a +0 ring mail
 j - a +0 scale mail (worn)
 n - a +0 pair of boots (worn)
Jewellery
 q - a ring of magical power
Wands
 o - a wand of polymorph (3)
Scrolls
 i - a scroll of immolation {unknown}
 k - a scroll of acquirement {unknown}
 l - a scroll of teleportation {unknown}
 p - 2 scrolls of identify {unknown}
 s - a scroll of noise {unknown}
Potions
 g - a potion of flight {unknown}
 h - a potion of invisibility {unknown}
 r - a potion of cancellation {unknown}
 t - a potion of attraction
 u - a potion of magic {unknown}
 v - a potion of heal wounds {unknown}


   Skills:
 + Level 2.9 Fighting
 + Level 7.7 Axes
 - Level 2.0 Throwing
 + Level 3.1 Armour
 - Level 3.2 Dodging


You had 5 spell levels left.
You didn't know any spells.
Your spell library was empty.

Dungeon Overview and Level Annotations

Branches:
Dungeon (4/15)              Sewer (1/1)
 Temple: D:4-7

Altars:
Fedhas
Hepliaklqana


Innate Abilities, Weirdness & Mutations

You have a pair of horns on your head.
You reflexively headbutt those who attack you in melee.


Message History

The bullfrog barely misses you. The bullfrog hits you. The adder bites you.
You are poisoned.
The adder poisons you!
You hit the adder but do no damage. You hit the bullfrog but do no damage.
You closely miss the bullfrog. You slash the ball python!
You kill the ball python!
You feel sick. The bullfrog closely misses you. You furiously retaliate!
You headbutt the bullfrog! The bullfrog barely misses you.
The adder barely misses you. The bullfrog hits you.
* * * LOW HITPOINT WARNING * * *
The ball python bites you but does no damage.
The ball python barely misses you. The bullfrog barely misses you.
You closely miss the adder. You closely miss the bullfrog.
You hit the bullfrog but do no damage. You hit the ball python.
You feel sick. The bullfrog barely misses you. You furiously retaliate!
You headbutt the bullfrog!
You kill the bullfrog!
The adder completely misses you.
The bullfrog hits you but does no damage.
The ball python bites you but does no damage.
The ball python grabs you. The ball python constricts you. The adder bites you.
* * * LOW HITPOINT WARNING * * *
You are more poisoned.
The adder poisons you!
Your Armour skill increases to level 3!
You hit the adder. You headbutt the adder.
The adder is heavily wounded.
You hit the ball python.
You kill the ball python!
You barely miss the bullfrog.
* * * LOW HITPOINT WARNING * * *
You feel sick. The bullfrog hits you.
* * * LOW HITPOINT WARNING * * *
The adder bites you but does no damage.
The bullfrog hits you but does no damage.
It was a potion of attraction.
You feel attractive to monsters.
* * * LOW HITPOINT WARNING * * *
You feel sick. The bullfrog hits you.
You die...

.....#
.S....
.....#
##≈..(##
≈≈≈≈≈#
#≈≈#≈≈≈#
≈≈≈≈≈#
#≈≈≈≈≈≈#
≈≈≈≈≈#
#≈≈≈≈≈≈#
≈≈≈≈≈#
#≈≈≈≈≈≈#
≈≈≈≈≈#
#≈≈≈≈≈≈#
≈≈≈≈≈#
#≈≈≈#lF#
≈≈≈≈≈#
#≈≈lS@†#
.≈..≈#
#≈≈≈≈.≈#
≈[(≈≈#
#≈≈≈#≈≈#
.≈.≈##
#≈≈≈≈≈≈#
≈≈≈≈≈#
#≈≈≈≈≈≈#
≈≈≈≈≈#
#≈≈≈≈≈≈#
≈≈≈≈≈#
#≈≈≈≈≈≈#
≈≈≈≈≈#
#≈≈≈≈≈≈#
≈≈≈≈≈#
#####≈≈≈≈≈≈#


You could see a bullfrog, an adder and 2 frilled lizards.

Vanquished Creatures
  An ice beast (D:4)
  A bullfrog (Sewer)
  5 adders
  6 river rats (Sewer)
  A worm (D:2)
  3 dart slugs
  2 orcs (D:3)
  7 bats
  8 endoplasms
  5 goblins
  7 hobgoblins
  2 jackals (D:3)
  4 quokkas
  20 ball pythons
  3 frilled lizards
  5 kobolds
  25 rats
105 creatures vanquished.

Notes
Turn   | Place    | Note
-------+----------+-------------------------------------------
     0 | D:1      | nickcage the Minotaur Gladiator began the quest for the
                  | Orb.
     0 | D:1      | Reached XP level 1. HP: 18/18 MP: 0/0
   169 | D:1      | Reached skill level 4 in Axes
   280 | D:1      | Reached XP level 2. HP: 24/25 MP: 1/1
   373 | D:1      | Found a faded altar of an unknown god.
  1140 | D:2      | Reached skill level 5 in Axes
  1187 | D:2      | Reached XP level 3. HP: 26/30 MP: 2/2
  2212 | D:3      | Reached XP level 4. HP: 37/37 MP: 3/3
  2296 | D:3      | Found a blossoming altar of Fedhas.
  2304 | D:3      | Reached skill level 6 in Axes
  2436 | D:3      | Found a hazy altar of Hepliaklqana.
  2593 | D:4      | Noticed an ice beast
  2602 | D:4      | Killed an ice beast
  2603 | D:4      | Reached skill level 7 in Axes
  2603 | D:4      | Reached skill level 1 in Armour
  2603 | D:4      | Reached XP level 5. HP: 31/42 MP: 4/4
  2856 | D:4      | Found a glowing drain.
  2873 | Sewer    | Entered a sewer
  3538 | Sewer    | Reached XP level 6. HP: 50/50 MP: 5/5
  3589 | Sewer    | HP: 2/50 [bullfrog (5)]
  3590 | Sewer    | Slain by a bullfrog

Illustrated notes

Levels and vault maps discovered:
D:1:      lightli_arrival_maybe_door_vault, layout_basic, basic_ecumenical_altar
D:2:      layout_basic
D:3:      layout_rooms, mainiacjoe_overflow_cross_hatched,
          overflow_temple_1_default, minivault_11
D:4:      layout_rooms, mainiacjoe_overflow_alcove_2, portal_sewer_entry_d
Sewer:    sewer_minmay_w

Skill      XL: |  1  2  3  4  5  6 |
---------------+-------------------+-----
Axes           | 4 5 7 |  7.7
Armour         | 1 2 3 |  3.1
Fighting       | |  2.9
Throwing       | |  2.0
Dodging        | |  3.2

Action                   |  1- 3 |  4- 6 || total
-------------------------+-------+-------++-------
Melee: War axe           |    80 |    98 ||   178
       Headbutt          |    10 |    13 ||    23
       Punch             |     1 |       ||     1
Throw: Javelin           |     1 |     7 ||     8
       Dart              |       |     2 ||     2
  Use: Potion            |       |     1 ||     1
Armor: Ring mail         |    17 |       ||    17
       Scale mail        |     8 |    48 ||    56
Dodge: Dodged            |    45 |    62 ||   107
